AoeStats
← alex_zaitsevae

Oasis

510226840Analyzed
3v3 RM · 1d ago on Sep 30, 2026· 45m 35s· 6 players
Game mode
Random Map
Map size
Normal (6 player)
Population
200
Speed
Normal
Resources
Standard
Victory
Conquest
Starting age
Dark Age
Ending age
Imperial Age
RankedLock teamsTeams togetherTeam positionsShared explorationLock speedFull tech treeHidden civsTurbo modeCheats
Victory
Defeat
🇨🇱 Hindustanis · Chile
1027
+14
🇲🇽 Bulgarians · Mexico
989
+15
🇭🇰 Persians · Hong Kong SAR China
976
+16
🇺🇾 Lithuanians · Uruguay
1073
-19
🇺🇾 Persians · Uruguay
951
-14
🇺🇾 Mongols · Uruguay
897
-12
alex_zaitsevae
9:19 Loom
11:50 Feudal Age
19:52 Wheelbarrow
23:57 Fletching
26:11 Castle Age
24:51 Forging
24:32 Double-Bit Axe
24:42 Gold Mining
27:09 Caravan
27:09 Bodkin Arrow
28:09 Pikeman
29:14 Arson
30:17 Squires
33:07 Stone Mining
33:32 Bow Saw
35:53 Hand Cart
36:31 Iron Casting
41:42 Horse Collar
42:47 Gold Shaft Mining
42:18 Stirrups
43:50 Husbandry
43:59 Scale Barding Armor
45:15 Chain Barding Armor
ZC_39
0:34 Loom
11:29 Feudal Age
11:52 Double-Bit Axe
11:50 Horse Collar
16:55 Castle Age
17:34 Bow Saw
17:26 Heavy Plow
19:53 Wheelbarrow
25:47 Hand Cart
27:10 Gold Mining
28:32 Masonry
28:18 Murder Holes
31:29 Imperial Age
30:16 Forging
30:12 Scale Barding Armor
31:25 Gold Shaft Mining
30:44 Stone Mining
31:35 Iron Casting
31:01 Scale Mail Armor
31:30 Chain Barding Armor
32:15 Crop Rotation
32:47 Two-Man Saw
32:29 Stone Shaft Mining
31:43 Town Watch
32:23 Conscription
34:08 Chemistry
33:16 Town Patrol
33:50 Ballistics
33:26 Murder Holes
34:01 Architecture
32:59 Pikeman
33:40 Squires
33:25 Gambesons
33:26 Arson
33:15 Cavalier
33:56 Husbandry
34:06 Bloodlines
34:04 Caravan
34:16 Guilds
35:20 Blast Furnace
34:13 Fletching
34:27 Padded Archer Armor
35:55 Plate Barding Armor
35:36 Chain Mail Armor
35:00 Halberdier
36:53 Savar
38:28 Plate Mail Armor
38:14 Leather Archer Armor
37:55 Bodkin Arrow
40:20 Light Cavalry
42:09 Capped Ram
44:40 Ring Archer Armor
44:39 Citadels
44:15 Siege Ram
Augus
7:54 Loom
9:47 Feudal Age
14:23 Castle Age
12:55 Double-Bit Axe
13:28 Horse Collar
14:15 Gold Mining
21:05 Scale Mail Armor
21:16 Squires
24:15 Chain Mail Armor
24:25 Arson
24:54 Stone Mining
26:27 Gold Shaft Mining
26:29 Stone Shaft Mining
26:52 Forging
28:25 Bow Saw
28:17 Heavy Plow
29:50 Wheelbarrow
32:37 Imperial Age
31:08 Iron Casting
33:27 Fletching
34:15 Conscription
33:26 Elite Ghulam
35:50 Two-Man Saw
36:09 Blast Furnace
35:43 Hand Cart
36:37 Bodkin Arrow
38:49 Bracer
38:49 Murder Holes
40:40 Ballistics
41:20 Chemistry
40:54 Scale Barding Armor
41:06 Heavy Camel Rider
42:01 Masonry
42:22 Husbandry
43:10 Bloodlines
44:57 Chain Barding Armor
44:47 Town Watch
45:14 Caravan
45:24 Imperial Camel Rider
MrJohn
6:51 Loom
9:31 Feudal Age
10:17 Double-Bit Axe
10:13 Horse Collar
18:42 Castle Age
17:31 Forging
18:07 Bloodlines
17:51 Gold Mining
18:32 Scale Barding Armor
22:44 Iron Casting
23:16 Chain Barding Armor
24:05 Wheelbarrow
24:34 Heavy Plow
36:39 Imperial Age
36:46 Cavalier
37:27 Husbandry
38:03 Plate Barding Armor
Q13
0:26 Loom
11:25 Feudal Age
13:20 Man-at-Arms
34:54 Castle Age
34:04 Stone Mining
34:03 Double-Bit Axe
39:30 Gold Mining
43:52 Horse Collar
44:52 Wheelbarrow
45:00 Horse Collar
47:59 Imperial Age
45:53 Bow Saw
el_sego
4:21 Loom
11:45 Feudal Age
15:56 Bloodlines
17:50 Castle Age
15:55 Man-at-Arms
16:57 Double-Bit Axe
16:54 Horse Collar
17:36 Scale Barding Armor
19:43 Husbandry
22:58 Husbandry
27:02 Wheelbarrow
26:59 Heavy Plow
28:09 Gold Mining
28:09 Stone Mining
29:05 Bow Saw
30:15 Chain Barding Armor
30:05 Forging
32:31 Gold Shaft Mining
33:39 Hand Cart
34:04 Iron Casting
40:12 Stone Shaft Mining
Connection lost

Rejoining the realm…

Still unreachable

The connection could not be restored.

Session expired

The server has moved on; the page needs a fresh start.